 Dungeon Crawl Stone Soup version 0.19.3-4-gbf9329e (webtiles) character file.

1549 sveltemanboy the Destroyer (level 8, -1/46 HPs)
             Began as a Tengu Conjurer on Jan 30, 2017.
             Was an Initiate of Vehumet.
             Slain by a bullfrog (7 damage)
             ... on level 6 of the Dungeon.
             The game lasted 00:18:35 (6239 turns).

sveltemanboy the Destroyer (Tengu Conjurer)         Turns: 6239, Time: 00:18:35

Health: -1/46      AC:  6    Str: 13    XL:     8   Next: 87%
Magic:  4/12       EV: 15    Int: 17    God:    Vehumet [......]
Gold:   311        SH:  0    Dex: 15    Spells: 4 memorised, 0 levels left

rFire  . . .     SeeInvis .     y - +3 mace of the Neverending Lies {crush, +Inv}
rCold  . . .     Gourm    .     r - +0 leather armour
rNeg   . . .     Faith    .     (no shield)
rPois  .         Spirit   .     (helmet restricted)
rElec  .         Reflect  .     z - +1 cloak
rCorr  .         Harm     .     C - +0 pair of gloves
MR     .....                    (boots unavailable)
Stlth  ++........               (no amulet)
                                t - +4 ring of strength
                                o - +3 ring of evasion

@: no status effects
A: beak, talons 3, able to fly 1
a: Fly, Renounce Religion, Evoke Invisibility


You were on level 6 of the Dungeon.
You worshipped Vehumet.
Vehumet was noncommittal.
You were not hungry.

You visited 2 branches of the dungeon, and saw 7 of its levels.

You collected 311 gold pieces.

Inventory:

Hand Weapons
 g - a cursed -3 morningstar
 y - the +3 mace of the Neverending Lies (weapon) {crush, +Inv}
   (You found it on level 5 of the Dungeon)

   It inflicts extra damage upon your enemies.
   It lets you turn invisible.
Armour
 r - a +0 leather armour (worn)
 z - a +1 cloak (worn)
 C - a +0 pair of gloves (worn)
Jewellery
 h - an uncursed amulet of rage {unknown}
 o - a +3 ring of evasion (left hand)
 t - a +4 ring of strength (right hand)
Scrolls
 a - a scroll of amnesia
 e - 3 scrolls of remove curse
Potions
 d - a potion of ambrosia
 j - a potion of agility
 q - a potion of brilliance
 w - 3 potions of curing
 A - a potion of heal wounds
Books
 b - a book of Conjurations

   Spells                             Type                      Level
   a - Magic Dart                     Conjuration                  1
   b - Searing Ray                    Conjuration                  2
   c - Dazzling Spray                 Conjuration/Hexes            3
   d - Fulminant Prism                Conjuration/Hexes            4
   e - Iskenderun's Mystic Blast      Conjuration                  4
   f - Iskenderun's Battlesphere      Conjuration/Charms           5
Comestibles
 c - 5 bread rations
 f - 6 chunks of flesh
 u - a beef jerky
 v - 7 meat rations


   Skills:
 - Level 3.0 Fighting
 * Level 5.0 Maces & Flails
 - Level 2.0 Armour
 - Level 2.1 Dodging
 - Level 2.0 Stealth
 + Level 2.0 Spellcasting
 * Level 12.0 Conjurations
 - Level 1.0 Hexes


You couldn't memorise any spells.
You knew the following spells:

 Your Spells              Type           Power        Failure   Level  Hunger
a - Magic Dart            Conj           ####         1%          1    #......
b - Searing Ray           Conj           #####.       1%          2    ###....
c - Iskenderun's Mystic   Conj           #####...     1%          4    #####..
d - Fulminant Prism       Conj/Hex       ###.......   17%         4    #####..


Dungeon Overview and Level Annotations

Branches:
Dungeon (6/15)             Temple (1/1) D:6

Altars:
Ashenzari
Cheibriados
Dithmenos
Elyvilon
Fedhas
Gozag
Hepliaklqana
Kikubaaqudgha
Makhleb
Nemelex Xobeh
Okawaru
Qazlal
Ru
Sif Muna
Trog
Uskayaw
Vehumet
Xom
Yredelemnul
Zin
The Shining One


Innate Abilities, Weirdness & Mutations

You have a beak for a mouth.
You have claws for feet.
You can fly.


Message History

The hill giant is almost dead.
The hill giant barely misses you.
The bullfrog swells and bulges.
A giant cockroach comes into view.
Okay, then.
The giant cockroach closely misses you. The giant cockroach closely misses you.
The giant cockroach closely misses you.
The giant cockroach bites you but does no damage.
The bullfrog completely misses you. The bullfrog closely misses you.
The bullfrog hits you but does no damage.
The bullfrog hits you.
* * * LOW HITPOINT WARNING * * *
The bullfrog hits you.
* * * LOW HITPOINT WARNING * * *
An adder skeleton comes into view.
The bullfrog misses you. The bullfrog hits you!
You die...

#.##....###...........#
#..#.#.##...###.###....
##.#....#.### #.# .....
#.#......# #.# #....
#........# ###.###.#.#
#.......####C.........
#......###....[.......
######...#.####.....#.####.
#........<@Fs.C..#.>#.# #.
#..........#.##....##.# #.
#..###..##.#.##.#.###.# #.
#..# #..##.#.##.#.# #.# #.
#..# #..##.#.##.#.###.####.
#..# #.....................
#..# #.......##.#.########.
#..# #.###.#.##.#.# #####.
#..# #.# #.#.##.#.# ##.<.#.


You could see a hill giant, a bullfrog and a giant cockroach.

Vanquished Creatures
  Menkaure (D:5)
  An orc warrior (D:6)
  An ice beast (D:6)
  2 ogres (D:4)
  A sky beast (D:5)
  A centaur (D:6)
  A water moccasin zombie (D:6)
  A scorpion (D:5)
  2 howler monkeys
  4 crimson imps
  A bullfrog zombie (D:6)
  2 hounds
  3 orc wizards
  An orc priest (D:4)
  2 centaur skeletons
  An iguana (D:6)
  4 worker ants
  A hound zombie (D:5)
  A hound skeleton (D:5)
  4 adders
  2 river rats (D:5)
  A shadow imp (D:4)
  An ooze (D:3)
  An adder skeleton (D:4)
  A worm (D:2)
  3 dart slugs
  2 leopard geckos (D:1)
  16 orcs
  10 giant cockroaches
  A goblin (D:1)
  8 hobgoblins
  5 kobolds
  A quokka (D:5)
  A ball python (D:4)
  5 bats
  10 frilled lizards
  A quokka zombie (D:6)
  6 rats
110 creatures vanquished.

Notes
Turn   | Place    | Note
-------+----------+-------------------------------------------
     0 | D:1      | sveltemanboy the Tengu Conjurer began the quest for the Orb.
     0 | D:1      | Reached XP level 1. HP: 10/10 MP: 4/4
   276 | D:1      | Reached XP level 2. HP: 15/15 MP: 4/6
   302 | D:1      | Learned a level 2 spell: Searing Ray
   482 | D:1      | Reached skill level 6 in Conjurations
   656 | D:1      | Reached skill level 1 in Armour
   755 | D:1      | Reached XP level 3. HP: 19/19 MP: 2/7
  2399 | D:3      | Reached XP level 4. HP: 24/24 MP: 4/8
  2545 | D:4      | Reached skill level 7 in Conjurations
  2932 | D:4      | Gained mutation: You can fly. [Tengu growth]
  2932 | D:4      | Reached XP level 5. HP: 28/28 MP: 3/9
  3015 | D:4      | Noticed an ogre
  3023 | D:4      | Killed an ogre
  3023 | D:4      | Reached skill level 8 in Conjurations
  3181 | D:4      | Reached skill level 9 in Conjurations
  3181 | D:4      | Reached XP level 6. HP: 27/32 MP: 3/10
  3536 | D:4      | Reached skill level 10 in Conjurations
  3537 | D:4      | Reached XP level 7. HP: 36/36 MP: 5/11
  3812 | D:4      | Reached skill level 1 in Fighting
  3896 | D:5      | Entered Level 5 of the Dungeon
  3920 | D:5      | Got an encrusted mace
  3921 | D:5      | Identified the +3 mace of the Neverending Lies {crush, +Inv} (You found it on level 5 of the Dungeon)
  3928 | D:5      | Noticed Menkaure
  3932 | D:5      | Killed Menkaure
  3932 | D:5      | Reached skill level 1 in Maces & Flails
  3952 | D:5      | Learned a level 4 spell: Iskenderun's Mystic Blast
  4532 | D:5      | Found a glowing drain.
  4711 | D:5      | Reached skill level 11 in Conjurations
  4711 | D:5      | Reached XP level 8. HP: 45/45 MP: 4/12
  4716 | D:5      | Gained mutation: You are weak. (Str -2) [mutagenic meat]
  4717 | D:5      | Gained mutation: Your mind is acute. (Int +2) [mutagenic meat]
  4718 | D:5      | Gained mutation: You have a pair of small horns on your head. [mutagenic meat]
  4719 | D:5      | Gained mutation: You are frail. (-10% HP) [mutagenic meat]
  4720 | D:5      | Gained mutation: Your mind is very acute. (Int +4) [mutagenic meat]
  4759 | D:5      | Lost mutation: You are frail. (-10% HP) [potion of mutation]
  4759 | D:5      | Gained mutation: You tend to lose your temper in combat. [potion of mutation]
  4759 | D:5      | Gained mutation: You are somewhat resistant to further mutation. [potion of mutation]
  4761 | D:5      | Lost mutation: You are weak. (Str -2) [potion of cure mutation]
  4761 | D:5      | Lost mutation: You are somewhat resistant to further mutation. [potion of cure mutation]
  4761 | D:5      | Lost mutation: You tend to lose your temper in combat. [potion of cure mutation]
  4761 | D:5      | Lost mutation: Your mind is very acute. (Int +4) [potion of cure mutation]
  4761 | D:5      | Lost mutation: Your mind is acute. (Int +2) [potion of cure mutation]
  4761 | D:5      | Lost mutation: You have a pair of small horns on your head. [potion of cure mutation]
  5245 | D:6      | Found a staircase to the Ecumenical Temple.
  5279 | Temple   | Entered the Ecumenical Temple
  5427 | Temple   | Became a worshipper of Vehumet
  5813 | D:6      | Learned a level 4 spell: Fulminant Prism
  5915 | D:6      | Reached skill level 12 in Conjurations
  5937 | D:6      | Reached skill level 5 in Maces & Flails
  5937 | D:6      | Reached skill level 1 in Hexes
  6173 | D:6      | Noticed a hill giant
  6239 | D:6      | Slain by a bullfrog

Skill      XL: |  1  2  3  4  5  6  7  8 |
---------------+-------------------------+-----
Conjurations   | 6 7 9 10 11 12 | 12.0
Armour         | 1 2 |  2.0
Fighting       | 2 3 |  3.0
Maces & Flails | 2 5 |  5.0
Hexes          | 1 |  1.0
Dodging        | |  2.1
Stealth        | |  2.0
Spellcasting   | |  2.0

Action                   |  1- 3 |  4- 6 |  7- 9 || total
-------------------------+-------+-------+-------++-------
Melee: Mace              |     1 |    11 |    51 ||    63
       Kick              |       |     3 |    11 ||    14
       Peck              |       |     1 |    12 ||    13
 Cast: Magic Dart        |    77 |    33 |    42 ||   152
       Searing Ray       |     3 |     9 |    23 ||    35
       Iskenderun's Myst |       |       |     2 ||     2
  Use: Potion            |       |     4 |     2 ||     6
       Scroll            |       |       |    15 ||    15
  Eat: Chunk             |     6 |     5 |    14 ||    25
       Pizza             |       |       |     1 ||     1
Armor: Leather armour    |     3 |     3 |    24 ||    30
       Robe              |     1 |       |       ||     1
Dodge: Dodged            |     8 |    31 |    62 ||   101
